 Dungeon Crawl Stone Soup version 0.29-a0-1052-g6990b1bffc (webtiles) character file.

Game seed: 7910116969177384163

79 SensoryNuts the Poker (level 4, -1/34 HPs)
             Began as a Demonspawn Gladiator on Aug 17, 2022.
             Slain by Ijyb
             ... wielding a +0 club
              (3 damage)
             ... on level 3 of the Dungeon.
             The game lasted 00:02:56 (2451 turns).

SensoryNuts the Poker (Demonspawn Gladiator)        Turns: 2451, Time: 00:02:57

Health: -1/34      AC: 11    Str: 17    XL:     4   Next: 17%
Magic:  4/4        EV: 10    Int:  9    God:
Gold:   120        SH:  0    Dex: 14    Spells: 3/3 levels left

rFire   + + .      SeeInvis .   a - +0 trident
rCold   x . .      Faith    .   (no shield)
rNeg    . . .      Spirit   .   i - +0 fire dragon scales
rPois   .          Reflect  .   c - +0 helmet
rElec   .          Harm     .   (no cloak)
rCorr   .          Rampage  .   (no gloves)
Will    .....                   (no boots)
Stlth   ..........              (no amulet)
HPRegen 0.11/turn               (no ring)
MPRegen 0.09/turn               (no ring)

@: weak-willed
A: thin metallic scales 1, foul stench 1
a: no special abilities


You were on level 3 of the Dungeon.
You visited 1 branch of the dungeon, and saw 3 of its levels.

You collected 120 gold pieces.

Inventory:

Hand Weapons
 a - a +0 trident (weapon)
Missiles
 d - 3 throwing nets (quivered)
 e - a javelin
Armour
 b - a +0 leather armour
 c - a +0 helmet (worn)
 i - +0 fire dragon scales (worn)
Wands
 p - a wand of charming (7)
Scrolls
 k - a scroll of noise
 l - a scroll of magic mapping
Potions
 g - a potion of flight


   Skills:
 + Level 2.4 Fighting
 + Level 3.6 Polearms
 + Level 1.9 Throwing
 + Level 0.5 Armour
 + Level 3.3 Dodging
 + Level 0.3 Stealth


You had 3 spell levels left.
You didn't know any spells.
Your spell library contained the following spells:

 Spells                   Type           Power      Damage    Failure   Level
 Sandblast                Erth           0%         2d4       88%         1
 Passwall                 Tmut/Erth      0%         N/A       96%         2
 Stone Arrow              Conj/Erth      0%         3d7       99%         3


Dungeon Overview and Level Annotations

Branches:
Dungeon (3/15)

Altars:

Shops:
D:1 [

Annotations:
D:3 Ijyb


Innate Abilities, Weirdness & Mutations

You are partially covered in thin metallic scales. (AC +2)
You may rarely emit foul miasma when damaged in melee.


Message History

Ijyb is lightly wounded.
Ijyb closely misses you.
It was a potion of attraction.
You feel attractive to monsters. Ijyb closely misses you.
You hit Ijyb but do no damage.
Ijyb is lightly wounded.
Ijyb zaps a wand.
The bolt of dispelling energy hits you!
Your magical effects are unravelling.
* * * LOW HITPOINT WARNING * * *
The now-empty wand crumbles to dust.
You feel less attractive to monsters.
As you read the scroll labelled OMY AHYIDIKE, it crumbles to dust.
Magic quickly surges around you.
It was a scroll of vulnerability.
Ijyb hits you but does no damage.
You closely miss Ijyb.
Ijyb is lightly wounded.
Ijyb completely misses you.
Unknown command.
You hit Ijyb but do no damage.
Ijyb is lightly wounded.
Ijyb hits you but does no damage.
You hit Ijyb but do no damage.
Ijyb is lightly wounded.
Ijyb hits you but does no damage.
You barely miss Ijyb.
Ijyb is lightly wounded.
Ijyb hits you but does no damage.
You hit Ijyb.
Ijyb is moderately wounded.
Ijyb hits you but does no damage.
You closely miss Ijyb.
Ijyb is moderately wounded.
Ijyb barely misses you.
You closely miss Ijyb.
Ijyb is moderately wounded.
Ijyb hits you but does no damage. Ijyb barely misses you.
You hit Ijyb but do no damage.
Ijyb is moderately wounded.
Ijyb hits you with a +0 club.
You die...

# #### #... ###.#
#.## ..#.# #.##
#.#.# #... ##.#.#
#.##
#.#########....#
#.#
#....g@)..?....#
#.#
#..########...##
#.#
#######.#######.##
....$.............
#######.##########
#.# # #.# ## #.#
##. #.########..


You could see Ijyb (weak-willed).

Vanquished Creatures
  Terence (D:2)
  An adder zombie (D:3)
  A dart slug (D:1)
  8 endoplasms
  A giant cockroach (D:1)
  4 goblins
  4 hobgoblins
  4 kobolds (D:1)
  4 quokkas (D:1)
  5 ball pythons
  2 ball python skeletons (D:3)
  3 bats (D:1)
  3 frilled lizards
  A jackal skeleton (D:3)
  A quokka skeleton (D:3)
  5 rats
48 creatures vanquished.

Vanquished Creatures (others)
  A goblin (D:3)
1 creature vanquished.

Grand Total: 49 creatures vanquished

Notes
Turn   | Place    | Note
-------+----------+-------------------------------------------
     0 | D:1      | SensoryNuts the Demonspawn Gladiator began the quest for
                  | the Orb.
     0 | D:1      | Reached XP level 1. HP: 16/16 MP: 1/1
   200 | D:1      | Found Akloschee's Armour Emporium.
   335 | D:1      | Gained mutation: You are partially covered in thin metallic
                  | scales. (AC +2) [demonic ancestry]
   335 | D:1      | Reached XP level 2. HP: 20/22 MP: 2/2
   359 | D:1      | Found a faded altar of an unknown god.
   834 | D:1      | Reached XP level 3. HP: 25/27 MP: 3/3
  1233 | D:2      | Noticed Terence
  1246 | D:2      | Killed Terence
  1971 | D:3      | Gained mutation: You may rarely emit foul miasma when
                  | damaged in melee. [demonic ancestry]
  1971 | D:3      | Reached XP level 4. HP: 34/34 MP: 4/4
  2429 | D:3      | Noticed Ijyb
  2442 | D:3      | HP: 1/34 [Ijyb/bolt of dispelling energy (13)]
  2451 | D:3      | Slain by Ijyb

Illustrated notes

Levels and vault maps discovered:
D:1:      lordsloth_arrival_two_stooges, layout_basic, serial_shops, shop,
          hellmonk_ecumenical_altar_blasted
D:2:      layout_rooms, hangedman_decor_clover_reticule, uniq_terence
D:3:      layout_loops_ring, serial_undead, serial_undead_c, serial_undead_a,
          serial_undead_c, serial_undead_c, gammafunk_ghost_nasty_kobolds,
          uniq_ijyb

Skill      XL: |  1  2 |
---------------+-------+-----
Polearms       | 3 |  3.6
Dodging        | 3 |  3.3
Fighting       | |  2.4
Throwing       | |  1.9
Armour         | |  0.5
Stealth        | |  0.3

Action                   |  1- 3 |  4- 6 || total
-------------------------+-------+-------++-------
Melee: Trident           |   119 |    55 ||   174
  Use: Scroll            |     5 |     1 ||     6
       Potion            |     4 |     1 ||     5
 Stab: Sleeping          |     2 |       ||     2
       Distracted        |     1 |       ||     1
Armor: Leather armour    |    44 |     9 ||    53
       Fire dragon scale |       |     8 ||     8
Dodge: Dodged            |    69 |    32 ||   101

Table legend: (Time is in decaauts)
 A = Elapsed time spent in this place.
 B = Non-inter-level travel time spent in this place.
 C = Inter-level travel time spent in this place.
 D = Time resting spent in this place.
 E = Time spent auto-exploring this place.
 F = Levels seen in this place.
 G = Mean time per level.
                   A        B        C        D        E       F      G
               +--------+--------+--------+--------+--------+-----+--------+
         Total |   2486 |   2384 |    102 |    102 |   1914 |   3 |  828.7 |
       Dungeon |   2486 |   2384 |    102 |    102 |   1914 |   3 |  828.7 |
               +--------+--------+--------+--------+--------+-----+--------+

Top non-repeatable levels by time:
     D:1: 1239 daAuts
     D:2: 737 daAuts
     D:3: 509 daAuts
